 Dungeon Crawl Stone Soup version 0.29-a0-717-g6dac4ea423 (webtiles) character file.

Game seed: 3060146895595067891

27 crusatyr the Slasher (level 2, -2/24 HPs)
             Began as a Demonspawn Monk on June 27, 2022.
             Slain by a quokka (5 damage)
             ... on level 1 of the Dungeon.
             The game lasted 00:01:15 (939 turns).

crusatyr the Slasher (Demonspawn Monk)               Turns: 939, Time: 00:01:16

Health: -2/24      AC:  2    Str: 11    XL:     2   Next: 93%
Magic:  2/2        EV: 12    Int: 11    God:
Gold:   59         SH:  0    Dex: 15    Spells: 1/1 levels left

rFire   . . .      SeeInvis .   f - +0 long sword
rCold   . . .      Faith    .   (no shield)
rNeg    . . .      Spirit   .   b - +0 robe
rPois   .          Reflect  .   (no helmet)
rElec   .          Harm     .   (no cloak)
rCorr   .          Rampage  .   (no gloves)
Will    .....                   (no boots)
Stlth   ++........              (no amulet)
HPRegen 0.08/turn               (no ring)
MPRegen 0.16/turn               (no ring)

@: no status effects
A: magic regeneration
a: no special abilities


You were on level 1 of the Dungeon.
You visited 1 branch of the dungeon, and saw 2 of its levels.

You collected 59 gold pieces.

Inventory:

Hand Weapons
 f - a +0 long sword (weapon)
Armour
 b - a +0 robe (worn)
Scrolls
 a - a scroll of identify {unknown}
 e - a scroll of blinking {unknown}
Potions
 c - a potion of ambrosia
 d - a potion of mutation {unknown}
 g - a potion of curing {unknown}
 h - 2 potions of cancellation {unknown}


   Skills:
 - Level 3.0 Fighting
 + Level 3.8 Long Blades
 - Level 2.6 Dodging
 - Level 1.7 Stealth


You had one spell level left.
You didn't know any spells.
Your spell library was empty.

Dungeon Overview and Level Annotations

Branches:
Dungeon (2/15)

Altars:


Innate Abilities, Weirdness & Mutations

You regenerate magic rapidly.


Message History

You kill the ball python!
No target in view!
No target in view!
There is a stone staircase leading down here.
There is a stone staircase leading down here.
You see here a ball python corpse.
A kobold comes into view. It is wielding a +0 club.
Found a sling.
A kobold is nearby!
A kobold is nearby!
A goblin comes into view. It is wielding a +0 dagger.
The goblin shouts!
The kobold shouts!
A quokka comes into view.
The kobold hits you with a +0 club.
You miss the kobold. The kobold hits you with a +0 club.
You closely miss the kobold. The kobold hits you with a +0 club.
You hit the kobold.
You kill the kobold!
You closely miss the goblin. The goblin misses you.
The goblin hits you with a +0 dagger.
You completely miss the goblin. The quokka closely misses you.
The goblin hits you with a +0 dagger. The quokka bites you.
You are too injured to fight recklessly!
You are too injured to fight recklessly!
You are too injured to fight recklessly!
You are too injured to fight recklessly!
You slash the goblin!
You kill the goblin!
The quokka bites you.
Found a dagger.
The quokka bites you.
* * * LOW HITPOINT WARNING * * *
Things that are here:
a +0 dagger; a goblin corpse You barely miss the quokka.
The quokka bites you.
* * * LOW HITPOINT WARNING * * *
The quokka bites you.
* * * LOW HITPOINT WARNING * * *
You barely miss the quokka. The quokka bites you.
You die...

#.........#..........
#.........#.#+###....
#####..†..#.#.###....
#................
#.#.†............
###.#...#.....##.
########...........###
#...)..............#
#....@r..#.......#.#
#).........#...#.#.#
#........####...#.#
.....#####.. ..# .....
..) .# .... ..... ....
..... ### ...


You could see a quokka.

Vanquished Creatures
  A gnoll (D:1)
  3 ball pythons (D:1)
  3 giant cockroaches (D:1)
  4 goblins (D:1)
  A bat (D:1)
  A frilled lizard (D:1)
  3 kobolds (D:1)
  3 rats
19 creatures vanquished.

Notes
Turn   | Place    | Note
-------+----------+-------------------------------------------
     0 | D:1      | crusatyr the Demonspawn Monk began the quest for the Orb.
     0 | D:1      | Reached XP level 1. HP: 18/18 MP: 1/1
   616 | D:1      | Gained mutation: You regenerate magic rapidly. [demonic
                  | ancestry]
   616 | D:1      | Reached XP level 2. HP: 24/24 MP: 2/2
   636 | D:1      | Found a faded altar of an unknown god.
   939 | D:1      | Slain by a quokka

Illustrated notes

Levels and vault maps discovered:
D:1:      dpeg_arrival_water_fire, layout_basic,
          chequers_ecumenical_altar_island
D:2:      layout_loops_cross, corexii_item_surrounded_by_moat, uniq_terence,
          uniq_sigmund

Skill      XL: |  1 |
---------------+----+-----
Long Blades    | 3 |  3.8
Fighting       | |  3.0
Dodging        | |  2.6
Stealth        | |  1.7

Action                   || total
-------------------------++-------
Melee: Falchion          ||    18
       Long sword        ||    46
       Punch             ||     1
 Stab: Sleeping          ||     2
Armor: Robe              ||    12
Dodge: Dodged            ||    39

Table legend: (Time is in decaauts)
 A = Elapsed time spent in this place.
 B = Non-inter-level travel time spent in this place.
 C = Inter-level travel time spent in this place.
 D = Time resting spent in this place.
 E = Time spent auto-exploring this place.
 F = Levels seen in this place.
 G = Mean time per level.
                   A        B        C        D        E       F      G
               +--------+--------+--------+--------+--------+-----+--------+
         Total |    956 |    956 |      0 |    191 |    594 |   2 |  478.0 |
       Dungeon |    956 |    956 |      0 |    191 |    594 |   2 |  478.0 |
               +--------+--------+--------+--------+--------+-----+--------+

Top non-repeatable levels by time:
     D:1: 758 daAuts
     D:2: 197 daAuts
